 Dungeon Crawl Stone Soup version 0.31.0-12-g77e489cdc1 (webtiles) character file.

Game seed: 14859731678365663101

487 spaghetti the Magician (level 6, -8/47 HPs)
             Began as a Mummy Summoner on Feb 15, 2024.
             Mangled by a nameless horror (15 damage)
             ... created by miscasting Summon Blazeheart Golem
             ... on level 5 of the Dungeon.
             The game lasted 00:05:16 (3881 turns).

spaghetti the Magician (Mummy Summoner)             Turns: 3881, Time: 00:05:17

Health: -8/47      AC:  2    Str: 11    XL:     6   Next: 89%
Magic:  0/13       EV: 12    Int: 17    God:
Gold:   184        SH:  0    Dex: 12    Spells: 4/14 levels left

rFire   x . .        e - +1 dagger (venom)
rCold   + . .        (no shield)
rNeg    + + +        a - +0 robe
rPois   ∞            (no helmet)
rElec   .            (no cloak)
rCorr   .            (no gloves)
SInv    .            (no boots)
Will    .....        (no amulet)
Stlth   ++           (no ring)
HPRegen 0.27/turn    (no ring)
MPRegen 0.13/turn

%: faith
@: about to teleport, very slightly contaminated, inugami summoned
A: cold resistance 1, negative energy resistance 3, torment resistance 2, heat
vulnerability 1, in touch with death 1, no potions, faith
a: no special abilities


You were on level 5 of the Dungeon.
You visited 1 branch of the dungeon, and saw 5 of its levels.

You collected 184 gold pieces.

Inventory:

Hand Weapons
 b - a +0 dagger of venom
 e - a +1 dagger of venom (weapon)
Armour
 a - a +0 robe (worn)
 j - a +0 cloak
Magical Staves
 g - a staff of fire
Scrolls
 c - 2 scrolls of identify
 d - 2 scrolls of amnesia
 f - 3 scrolls of noise
 k - a scroll of immolation


   Skills:
 + Level 3.0 Fighting
 + Level 2.2 Short Blades
 - Level 1.5 Dodging
 + Level 3.1 Stealth
 + Level 4.8 Spellcasting
 + Level 4.2 Summonings


You had 4 spell levels left.
You knew the following spells:

 Your Spells              Type           Power      Damage    Failure   Level
a - Summon Small Mammal   Summ           72%        N/A       2%          1
b - Call Imp              Summ           36%        N/A       3%          2
c - Call Canine Familiar  Summ           18%        N/A       8%          3
d - Summon Blazeheart Go  Fire/Summ      11%        N/A       52%         4

Your spell library contained the following spells:

 Spells                   Type           Power      Damage    Failure   Level
 Ensorcelled Hibernation  Hex/Ice        8%         N/A       22%         2
 Static Discharge         Conj/Air       8%         3-4/arc   22%         2
 Volatile Blastmotes      Fire/Tloc      8%         2d10      41%         3
 Summon Lightning Spire   Summ/Air       11%        N/A       52%         4
 Fulminant Prism          Conj/Alch      2%         3d5       82%         4
 Iskenderun's Mystic Bla  Conj/Tloc      4%         2d3       82%         4
 Summon Hydra             Summ           9%         N/A       100%        7
 Polar Vortex             Ice            2%         N/A       100%        9
 Sublimation of Blood     Necr           Unusable   N/A       N/A         2

Dungeon Overview and Level Annotations

Branches:
Dungeon (5/15)
 Temple: D:4-7

Altars:
Uskayaw

Annotations:
D:3 Gadfly's ghost, amateur KoHu


Innate Abilities, Weirdness & Mutations

You are immune to poison.
Your flesh is cold resistant. (rC+)
You are immune to negative energy. (rN+++)
You are immune to unholy pain and torment.
You are vulnerable to heat. (rF-)
You are in touch with the powers of death.
You do not drink.
You have a special connection with the divine. (Faith)


Message History

You are too injured to fight recklessly!
You are too injured to fight recklessly!
You are too injured to fight recklessly!
Unknown command.
Casting: Call Canine Familiar (dangerous; 8% risk of failure)
Confirm with . or Enter, or press ? or * to list all spells.
You call for your canine familiar and it appears with a howl!
The gnoll barely misses you. The gnoll misses you. x2
The gnoll closely misses you.
Casting: Call Canine Familiar (dangerous; 8% risk of failure)
Confirm with . or Enter, or press ? or * to list all spells.
You miscast Summon Blazeheart Golem.
You are very lightly contaminated with residual magic.
A chorus of moans calls out in your mind.
A nameless horror comes into view.
The gnoll barely misses you.
The gnoll hits you with a +1 flail of pain!
The gnoll completely misses you. The gnoll hits you with a +0 club.
* * * LOW HITPOINT WARNING * * *
Your inugami completely misses the gnoll.
Unknown command.
Unknown command.
You can't drink.
Blink to where?
Press: ? - help, Dir - move target
As you read the scroll of blinking, it crumbles to dust.
The nameless horror hits you!
* * * LOW HITPOINT WARNING * * *
You feel your power leaking away.
Unknown command.
Unknown command.
Casting: Summon Blazeheart Golem (extremely dangerous; 52% risk of failure)
Confirm with . or Enter, or press ? or * to list all spells.
You don't have enough magic to cast this spell.
You can't drink.
As you read the scroll of teleportation, it crumbles to dust.
You feel strangely unstable.
You kill the gnoll!
The nameless horror hits you!
You die...

#...........# #
#.######.####.### #.# #.#
#.... ###### #.# #.# ###.#
# #..... #.# #.# #.#
###### ##..... ##.## #.#
#.# #..... .....h.
...#####.######.# ....
......h###...............#
..#
#....gggX@..#####....#####
..######?#.#######.#
####.# .......... ##.##
#.# >#######.# ##...## #.#
.# #.# #.....# #.# .# #.#
#.....# #.# .# #.# #.....#
#.# .# #.########...##
####.##### .#
#.##...(....## #.........


You could see a nameless horror, 3 gnolls and a friendly inugami (summoned).

Vanquished Creatures
  An ice beast (D:5)
  A centaur (D:5)
  A scorpion (D:5)
  An iguana (D:4)
  A sleepcap (D:5)
  A gnoll (D:5)
  5 adders
  A dart slug (D:1)
  2 orcs (D:4)
  7 endoplasms
  5 giant cockroaches
  8 goblins
  3 hobgoblins
  4 kobolds
  2 quokkas
  8 ball pythons
  3 bats
  2 frilled lizards
  4 rats
60 creatures vanquished.

Vanquished Creatures (collateral kills)
  A black bear (D:4)
  A dart slug (D:1)
  A giant cockroach (D:1)
  A goblin (D:1)
  A hobgoblin (D:1)
  A kobold (D:2)
  A quokka (D:2)
  A bat (D:1)
  2 rats (D:2)
10 creatures vanquished.

Vanquished Creatures (others)
  A blazeheart core (D:5)
1 creature vanquished.

Grand Total: 71 creatures vanquished

Notes
Turn   | Place    | Note
-------+----------+-------------------------------------------
     0 | D:1      | spaghetti the Mummy Summoner began the quest for the Orb.
     0 | D:1      | Reached XP level 1. HP: 13/13 MP: 4/4
   193 | D:1      | Reached XP level 2. HP: 2/20 MP: 1/6
   198 | D:1      | Learned a level 2 spell: Call Imp
   345 | D:1      | Got the Volume of the Hazy Chill
   356 | D:1      | Reached skill level 1 in Fighting
   529 | D:1      | Found a faded altar of an unknown god.
  1111 | D:2      | Reached XP level 3. HP: 26/26 MP: 7/7
  1158 | D:2      | Learned a level 3 spell: Call Canine Familiar
  1627 | D:2      | Reached XP level 4. HP: 29/32 MP: 7/9
  1721 | D:2      | Reached skill level 1 in Short Blades
  2014 | D:3      | Found a hide-covered altar of Uskayaw.
  2042 | D:3      | Found a runed translucent gate.
  2042 | D:3      | Found a runed translucent gate.
  2042 | D:3      | Found a runed translucent gate.
  2073 | D:3      | Noticed Gadfly's ghost (amateur KoHu)
  2296 | D:4      | Learned a level 4 spell: Summon Blazeheart Golem
  3155 | D:4      | Noticed a black bear
  3167 | D:4      | Killed a black bear
  3168 | D:4      | Reached XP level 5. HP: 17/39 MP: 3/11
  3320 | D:5      | Entered Level 5 of the Dungeon
  3362 | D:5      | Noticed a centaur
  3372 | D:5      | Killed a centaur
  3373 | D:5      | Reached XP level 6. HP: 14/46 MP: 5/12
  3754 | D:5      | Noticed an ice beast
  3767 | D:5      | Killed an ice beast
  3879 | D:5      | Noticed a nameless horror
  3881 | D:5      | Mangled by a nameless horror

Illustrated notes

Levels and vault maps discovered:
D:1:      saegor_arrival_simple_d, layout_loops_ring,
          nicolae_ecumenical_snake_handling
D:2:      layout_basic, minmay_worlds_worst_comb
D:3:      layout_loops_cross, eat_drink_and_be_merry_uskayaw,
          gammafunk_ghost_icy, uniq_terence
D:4:      layout_loops_corners
D:5:      layout_loops_ring, gammafunk_temple_overflow_forgotten,
          temple_doors_e, minmay_misc_feat_encased, serial_bayou_pond_d,
          uniq_eustachio

Skill      XL: |  1  2  3  4  5  6 |
---------------+-------------------+-----
Spellcasting   | 3 4 |  4.8
Fighting       | 1 2 3 |  3.0
Stealth        | 2 3 |  3.1
Short Blades   | 1 2 |  2.2
Summonings     | 4 |  4.2
Dodging        | |  1.5

Action                     |  1- 3 |  4- 6 || total
---------------------------+-------+-------++-------
  Melee: Unarmed           |    43 |       ||    43
         Dagger            |   104 |    92 ||   196
         Punch             |     1 |     1 ||     2
   Cast: Summon Small Mamm |    14 |       ||    14
         Call Imp          |     3 |     4 ||     7
         Call Canine Famil |     2 |     6 ||     8
         Summon Blazeheart |       |     1 ||     1
    Use: Scroll            |     2 |     8 ||    10
   Stab: Sleeping          |     6 |     6 ||    12
         Distracted        |     1 |       ||     1
 Armour: Robe              |    89 |    74 ||   163
  Dodge: Dodged            |    99 |    64 ||   163
